 Dungeon Crawl Stone Soup version 0.31.0-9-g3a7656b989 (webtiles) character file.

Game seed: 8465760705033506543

8 Colgate the Shooter (level 2, 22/22 HPs)
             Began as a Demonspawn Hunter on Feb 6, 2024.
             Quit the game on level 2 of the Dungeon.
             The game lasted 00:00:25 (309 turns).

Colgate the Shooter (Demonspawn Hunter)              Turns: 309, Time: 00:00:26

Health: 22/22      AC:  3    Str: 11    XL:     2   Next: 0%
Magic:  2/2        EV: 11    Int:  9    God:
Gold:   22         SH:  4    Dex: 16    Spells: 1/1 levels left

rFire   . . .        a - +0 shortbow
rCold   . . .        (shield currently unavailable)
rNeg    . . .        c - +0 leather armour
rPois   .            (no helmet)
rElec   .            (no cloak)
rCorr   .            (no gloves)
SInv    .            (no boots)
Will    .....        (no amulet)
Stlth   +            (no ring)
HPRegen 0.23/turn    (no ring)
MPRegen 0.08/turn

%: no passive effects
@: no status effects
A: condensation shield
a: no special abilities


You were on level 2 of the Dungeon.
You visited 1 branch of the dungeon, and saw 2 of its levels.

You collected 22 gold pieces.

Inventory:

Hand Weapons
 a - a +0 shortbow (weapon)
Armour
 c - a +0 leather armour (worn)
 f - a +1 helmet
Jewellery
 e - an amulet of faith
Scrolls
 b - a scroll of butterflies
Potions
 d - a potion of mutation {unknown}
 g - a potion of magic {unknown}


   Skills:
 - Level 2.0 Fighting
 + Level 4.0 Ranged Weapons
 - Level 1.7 Dodging
 - Level 0.8 Stealth


You had one spell level left.
You didn't know any spells.
Your spell library was empty.

Dungeon Overview and Level Annotations

Branches:
Dungeon (1/15)

Altars:

Shops:
D:2 :


Innate Abilities, Weirdness & Mutations

A meltable shield of frost defends you. (SH +4)


Message History

You shoot an arrow. The arrow hits the kobold.
You kill the kobold!
Key pressed, stopping explore.
No target in view!
Found Taimaryn's Book Emporium.
You now have 22 gold pieces (gained 8).
f - a +1 helmet No target in view!
A bat comes into view.
You shoot an arrow. The arrow hits the bat.
You kill the bat!
g - a lumpy silvery potion No target in view!
There is an entrance to Taimaryn's Book Emporium here.
No target in view!
A bat comes into view.
You shoot an arrow. The arrow hits the bat!
You kill the bat!
Your Ranged Weapons skill increases to level 4!
Key pressed, stopping explore.
No target in view!
Found 6 stones.
No target in view!
You see here 6 stones.
Found a robe.
No target in view!
An endoplasm comes into view.
Found a scroll labelled BALUKO QUSA.
You shoot an arrow. The arrow hits the endoplasm.
An endoplasm is nearby!
You shoot an arrow. The arrow hits the endoplasm.
An endoplasm is nearby!
You shoot an arrow. The arrow hits the endoplasm.
An endoplasm is nearby!
You shoot an arrow. The arrow hits the endoplasm.
You kill the endoplasm!
You have reached level 2!
Your demonic ancestry asserts itself...
Frost condenses into a shield before you.
Are you sure you want to abandon this character and quit the game? (Confirm with "yes".)

#.#...#..#...##
#........##...##
.....#....#.#.(#
####.####.#.##.###
#.# #.#......# #.#
#.######.# #.# #.#
#.. #.# ### #@#
#.......#
#.......#
#...[....
#....###. #.... ..
#... .. ...? ...


There were no monsters in sight!

Vanquished Creatures
  4 bats
  An endoplasm (D:2)
  A hobgoblin (D:1)
  A kobold (D:2)
  2 rats (D:1)
9 creatures vanquished.

Notes
Turn   | Place    | Note
-------+----------+-------------------------------------------
     0 | D:1      | Colgate the Demonspawn Hunter began the quest for the Orb.
     0 | D:1      | Reached XP level 1. HP: 16/16 MP: 1/1
   245 | D:1      | You fall into a shaft and drop 1 floor!
   267 | D:2      | Found Taimaryn's Book Emporium.
   282 | D:2      | Reached skill level 4 in Ranged Weapons
   309 | D:2      | Gained mutation: A meltable shield of frost defends you.
                  | (SH +4) [demonic ancestry]
   309 | D:2      | Reached XP level 2. HP: 22/22 MP: 2/2
   309 | D:2      | Quit the game

Illustrated notes

Levels and vault maps discovered:
D:1:      dpeg_arrival_arbitrary_a, layout_basic,
          dreamdust_ecumenical_altar_hidden_monk_grotto, serial_bayou_pond_b,
          minmay_unequal
D:2:      layout_basic, serial_shops, nicolae_shop_advertising_works
          [nicolae_subvault_shop_adworks], basic_altar, uniq_sigmund,
          uniq_terence

Skill      XL: |  1 |
---------------+----+-----
Ranged Weapons | 4 |  4.0
Fighting       | |  2.0
Dodging        | |  1.7
Stealth        | |  0.8

Action                     || total
---------------------------++-------
   Fire: Shortbow          ||    20
 Armour: Leather armour    ||     3
  Dodge: Dodged            ||     6
